Map: Blackpink LE

Players

Dyukusi

  • Race: Terran Terran
  • League: Grandmaster
  • Spawn Location: 1:00

FLORENCIO - Winner!

  • Race: Protoss Protoss
  • League: Master
  • Spawn Location: 7:00

VOD

Have the link to the VOD?

Description

Time

  • Played on: Jan. 27, 2018, 7:16 p.m.
  • Length: 3:33
Show
View Real Time Build Order
Export as new Build Order

Dyukusi Terran 

Build Orders:  

Get SALT Encoding   

  12  0:01  SCV  
  13  0:13  SCV  
  14  0:18  Supply Depot  
  14  0:25  SCV  
  15  0:29  Refinery  
  15  0:39  SCV  
  16  0:45  Barracks  
  16  0:51  SCV  
  17  1:04  SCV  
  18  1:16  SCV  
  19  1:28  SCV  
  20  1:33  Marine  
  20  1:35  Bunker  
  21  1:43  Supply Depot  
  21  1:50  Orbital Command  
  21  2:02  Marine  
  22  2:10  Factory  
  22  2:24  Marine  
  22  2:28  SCV  
  24  2:40  SCV  
  24  2:41  Marine  
  16  2:59  Marine  
Show
View Real Time Build Order
Export as new Build Order

FLORENCIO Protoss - Winner!

Build Orders: 1 Gate Expand 

Get SALT Encoding   

  12  0:00  Probe  
  13  0:12  Probe  
  14  0:22  Pylon  
  14  0:24  Probe  
  15  0:40  Probe  
  15  0:41  Gateway  
  16  0:50  Gateway  
  16  0:58  Pylon  
  16  1:05  Probe  
  17  1:16  Pylon  
  17  1:27  Nexus  
  17  1:31  Zealot (Chrono Boost)  
  21  1:44  Zealot (Chrono Boost)  
  21  1:51  Pylon  
  21  1:55  Zealot (Chrono Boost)  
  21  2:00  Pylon  
  22  2:14  Zealot (Chrono Boost)  
  24  2:19  Zealot (Chrono Boost)  
Tags
 
Add a new tag
Caveats
  • Supply blocks, unpowered buildings, or Contaminate may cause inaccurate times.
  • Supply counts are checked every 10 seconds.